 Dungeon Sprint DCSS version 0.16.2-14-gc338ae411c (webtiles) character file.

18 MordorOrchid the Sneak (level 2, -5/15 HPs)
             Began as a Spriggan Enchanter on Mar 15, 2020.
             Was an Initiate of Okawaru.
             Slain by a goliath beetle (17 damage)
             ... in the Dungeon (Sprint IX: "|||||||||||||||||||||||||||||").
             The game lasted 00:01:51 (187 turns).

MordorOrchid the Sneak (Spriggan Enchanter)          Turns: 187, Time: 00:01:51

Health: -5/15      AC:  5    Str:  7    XL:     2   Next: 48%
Magic:  6/8        EV: 18    Int: 16    God:    Okawaru [......]
Gold:   0          SH:  0    Dex: 16    Spells: 2 memorised, 4 levels left

rFire  . . .     SeeInvis +     n - +1 dagger
rCold  . . .     Clarity  .     b - +1 robe
rNeg   . . .     SustAb   .     (shield restricted)
rPois  .         Gourm    .     (helmet restricted)
rElec  .         Spirit   .     (no cloak)
rCorr  .         Warding  .     (gloves unavailable)
rMut   .         NoTele   +     (boots unavailable)
MR     .....                    (no amulet)
Stlth  ++++......               o - +3 ring of strength
                                m - +2 ring of protection

@: very slightly contaminated, invisible, very quick, not resistant to hostile
enchantments, stealthy
A: unfitting armour, see invisible, herbivore 3, speed 3, slow metabolism 2
a: Renounce Religion


You were in the Dungeon.
You worshipped Okawaru.
Okawaru was noncommittal.
You were not hungry.

You visited 1 branch

Inventory:

Hand weapons
 a - a +2 scimitar of flaming
 n - a +1 dagger (weapon)
 y - a +2 rapier of electrocution
Armour
 b - a +1 robe (worn)
Magical staves
 x - an uncursed staff of energy
Jewellery
 m - a +2 ring of protection (left hand)
 o - a +3 ring of strength (right hand)
Magical devices
 l - a wand of cold (7)
Scrolls
 i - 3 scrolls of remove curse
 j - 2 scrolls of blinking
 k - 2 scrolls of amnesia
Potions
 e - 5 potions of curing
 f - 3 potions of heal wounds
 h - 4 potions of magic
Books
 c - a book of Maledictions

   Spells                             Type                      Level
   a - Corona                         Hexes                        1
   b - Sure Blade                     Hexes/Charms                 2
   c - Ensorcelled Hibernation        Hexes/Ice                    2
   d - Confuse                        Hexes                        3
   e - Dazzling Spray                 Conjuration/Hexes            3
   f - Enslavement                    Hexes                        4
Comestibles
 d - a bread ration


   Skills:
 * Level 1.9 Fighting
 * Level 2.9 Short Blades
 * Level 3.3 Dodging
 - Level 6.2 Stealth
 * Level 3.1 Spellcasting
 + Level 4.0 Hexes


You had 4 spell levels left.
You knew the following spells:

 Your Spells              Type           Power        Failure   Level  Hunger
a - Corona                Hex            ###....      4%          1    #......
b - Ensorcelled Hibernat  Hex/Ice        #.....       14%         2    ##.....


Dungeon Overview and Level Annotations

Branches:
Dungeon (1/1)

Altars:
Cheibriados
Dithmenos
Elyvilon
Fedhas
Gozag
Kikubaaqudgha
Makhleb
Nemelex Xobeh
Okawaru
Qazlal
Ru
Sif Muna
Trog
Vehumet
Xom
Yredelemnul
Zin
The Shining One
Beogh
Jiyva
Lugonu


Innate Abilities, Weirdness & Mutations

You are tiny and cannot use many weapons and most armour.
You have supernaturally acute eyesight.
You are a herbivore.
You cover ground extremely quickly.
You need consume almost no food.


Message History

You catch the helpless goliath beetle completely off-guard!
You puncture the goliath beetle!
The goliath beetle is severely wounded.
You hit the goliath beetle but do no damage.
The goliath beetle is severely wounded.
You strike the helpless goliath beetle from behind!
You puncture the goliath beetle!
The goliath beetle is almost dead.
The goliath beetle barely misses you.
The killer bee buzzes angrily.
You hit the goliath beetle but do no damage.
The goliath beetle is almost dead.
You feel yourself slow down.
You hit the goliath beetle but do no damage.
The goliath beetle is almost dead.
You hit the goliath beetle but do no damage.
The goliath beetle is almost dead.
The goliath beetle bites you!
Ouch! That really hurt!
You die... ▓▓▓▓▓▓▓▓▓▓▓▓▓▓▓▓▓▓▓▓▓▓▓▓ +SoJhyB@..[[[)...'______ ▓▓▓▓▓▓▓▓▓▓▓▓▓▓▓▓▓▓▓▓▓▓▓▓

You could see a goliath beetle, a hound, a jelly, a killer bee (wandering), an adder (wandering) and an orc.

Vanquished Creatures
  A giant mite (D)
  An orc (D)
  2 goblins (D)
  A hobgoblin (D)
  2 kobolds (D)
  2 giant gecko zombies (D)
  A rat (D)
10 creatures vanquished.

Notes
Turn   | Place    | Note
--------------------------------------------------------------
     0 | D        | MordorOrchid, the Spriggan Enchanter, began the quest for the Orb.
     0 | D        | Reached XP level 1. HP: 9/9 MP: 4/4
    30 | D        | Reached skill level 1 in Fighting
    30 | D        | Reached skill level 5 in Stealth
    35 | D        | Reached skill level 6 in Stealth
    35 | D        | Reached XP level 2. HP: 15/15 MP: 7/7
    45 | D        | Learned a level 2 spell: Ensorcelled Hibernation
   133 | D        | Found a glowing silver altar of Zin.
   133 | D        | Found a glowing golden altar of the Shining One.
   133 | D        | Found an ancient bone altar of Kikubaaqudgha.
   133 | D        | Found a basalt altar of Yredelemnul.
   133 | D        | Found a shimmering altar of Xom.
   133 | D        | Found a radiant altar of Vehumet.
   133 | D        | Found an iron altar of Okawaru.
   134 | D        | Found a burning altar of Makhleb.
   135 | D        | Found a deep blue altar of Sif Muna.
   136 | D        | Found a bloodstained altar of Trog.
   137 | D        | Found a sparkling altar of Nemelex Xobeh.
   138 | D        | Found a white marble altar of Elyvilon.
   139 | D        | Found a roughly hewn altar of Beogh.
   140 | D        | Found a viscous altar of Jiyva.
   141 | D        | Found a corrupted altar of Lugonu.
   142 | D        | Became a worshipper of Warmaster Okawaru
   143 | D        | Found a blossoming altar of Fedhas.
   144 | D        | Found a snail-covered altar of Cheibriados.
   145 | D        | Found a shadowy altar of Dithmenos.
   146 | D        | Found a stormy altar of Qazlal.
   147 | D        | Found an opulent altar of Gozag.
   148 | D        | Found a sacrificial altar of Ru.
   178 | D        | Noticed a jelly
   178 | D        | Noticed a hound
   178 | D        | Noticed a killer bee
   178 | D        | Noticed a goliath beetle
   187 | D        | Slain by a goliath beetle

Action                   || total
-------------------------++-------
Melee: Dagger            ||    37
 Cast: Corona            ||     4
       Ensorcelled Hiber ||     1
  Use: Potion            ||     3
 Stab: Sleeping          ||     4
       Invisible         ||     2
